Map: Ulrena

Players

Karpiupl - Winner!

  • Race: Protoss Protoss
  • League: Gold

capac

  • Race: Terran Terran
  • League: Gold

VOD

Have the link to the VOD?

Description

Time

  • Played on: Feb. 23, 2016, 2:38 p.m.
  • Length: 12:29
Show
View Real Time Build Order
Export as new Build Order

Karpiupl Protoss - Winner!

Build Orders:  

Get SALT Encoding   

  12  0:01  Probe (Chrono Boost)  
  13  0:12  Probe (Chrono Boost)  
  14  0:21  Pylon  
  14  0:23  Probe (Chrono Boost)  
  15  0:39  Probe (Chrono Boost)  
  16  0:45  Gateway  
  16  0:53  Assimilator  
  16  0:56  Probe (Chrono Boost)  
  17  1:06  Probe (Chrono Boost)  
  18  1:17  Probe (Chrono Boost)  
  19  1:31  Probe (Chrono Boost)  
  20  1:35  Cybernetics Core  
  20  1:38  Pylon  
  20  1:51  Nexus  
  20  2:03  Probe (Chrono Boost)  
  20  2:07  Assimilator  
  21  2:12  Stalker  
  21  2:15  Warp Gate (Chrono Boost)  
  23  2:33  Mothership Core  
  25  2:38  Gateway  
  25  2:45  Gateway  
  25  2:58  Robotics Facility  
  25  3:01  Probe  
  25  3:04  Probe  
  27  3:14  Probe  
  27  3:15  Probe  
  29  3:25  Probe  
  29  3:27  Probe  
  31  3:37  Probe  
  31  3:39  Probe  
  33  3:45  Pylon  
  33  3:48  Probe  
  33  3:51  Probe  
  33  3:53  Observer (Chrono Boost)  
  36  3:58  Probe  
  37  4:03  Probe  
  37  4:05  Pylon  
  37  4:09  Probe  
  38  4:14  Forge  
  39  4:25  Assimilator  
  39  4:27  Assimilator  
  39  4:31  Immortal (Chrono Boost)  
  43  4:33  Probe  
  44  4:45  Probe  
  44  4:47  Probe  
  46  4:57  Probe  
  46  4:58  Probe  
  48  5:02  Protoss Ground Weapons Level 1  
  48  5:04  Sentry  
  48  5:05  Immortal (Chrono Boost)  
  54  5:08  Pylon  
  54  5:12  Pylon  
  54  5:21  Probe  
  54  5:22  Probe  
  54  5:25  Stalker  
  54  5:26  Stalker  
  60  5:31  Probe  
  60  5:34  Probe  
  62  5:38  Zealot  
  62  5:42  Probe  
  64  5:45  Pylon  
  64  5:46  Warp Prism (Chrono Boost)  
  67  5:52  Probe  
  67  5:54  Gateway  
  68  6:00  Gateway  
  68  6:06  Twilight Council  
  68  6:11  Photon Cannon  
  68  6:25  Probe  
  68  6:26  Pylon  
  68  6:27  Probe  
  70  6:36  Probe  
  70  6:39  Probe  
  72  6:44  Charge  
  72  6:47  Nexus  
  72  6:51  Assimilator  
  72  6:52  Assimilator  
  72  6:55  Templar Archives  
  72  7:11  Protoss Ground Armor Level 1  
  72  7:14  Forge  
  72  7:16  Pylon  
  72  7:26  Pylon  
  72  7:37  Psionic Storm, Pylon  
  72  7:39  High Templar  
  72  7:40  High Templar x3  
  72  7:41  High Templar  
  82  8:04  Probe  
  82  8:06  Probe  
  82  8:10  Robotics Facility  
  84  8:15  Probe  
  84  8:16  Probe  
  84  8:18  Probe  
  87  8:25  Probe  
  87  8:26  Protoss Ground Weapons Level 2  
  87  8:27  Probe  
  88  8:28  High Templar  
  88  8:29  High Templar x3  
  88  8:30  Zealot  
  99  8:35  Gateway  
  99  8:37  Probe  
  99  8:38  Gateway x2  
  99  8:39  Gateway  
  99  8:40  Pylon  
  99  8:41  Probe  
  101  8:48  Probe  
  100  8:51  Observer (Chrono Boost)  
  100  8:53  Probe  
  103  8:58  Probe  
  104  9:04  Zealot x2  
  109  9:12  Zealot x2  
  109  9:13  Observer (Chrono Boost), Zealot  
  115  9:25  Stalker x2, Pylon  
  118  9:58  Stalker x2  
  118  9:59  Stalker x4  
  130  10:00  Stalker  
  132  10:18  Blink  
  132  10:30  Zealot  
  132  10:31  Zealot  
  132  10:32  Zealot  
  132  10:33  Zealot x5  
  148  10:44  Pylon  
  148  10:45  Pylon  
  148  10:48  Pylon  
  148  10:49  Pylon  
  148  10:50  Pylon  
  148  10:58  Pylon  
  136  11:30  Zealot x4  
  136  11:31  Zealot x2  
  144  11:35  Stalker x3  
  150  11:54  Zealot x2  
  150  11:55  Zealot x2  
  116  12:17  Stalker x4  
Show
View Real Time Build Order
Export as new Build Order

capac Terran 

Build Orders: MMM Bio 

Get SALT Encoding   

  12  0:01  SCV  
  13  0:13  SCV  
  14  0:19  Supply Depot  
  14  0:26  SCV  
  15  0:41  SCV  
  16  0:45  Barracks  
  16  0:49  Refinery  
  16  0:53  SCV  
  17  1:05  SCV  
  18  1:17  SCV  
  19  1:30  SCV  
  20  1:39  Barracks Reactor  
  20  1:47  SCV, Command Center  
  21  1:55  Supply Depot  
  21  2:01  SCV  
  22  2:18  SCV  
  23  2:25  Barracks  
  23  2:27  Marine  
  23  2:28  Marine  
  23  2:29  Factory  
  25  2:40  Bunker  
  25  2:42  SCV  
  26  2:51  Marine  
  26  2:52  Marine  
  26  2:58  SCV  
  28  3:00  Refinery  
  28  3:10  SCV  
  28  3:11  Engineering Bay  
  29  3:13  Marine  
  29  3:17  Barracks Tech Lab  
  30  3:29  Orbital Command  
  30  3:32  SCV  
  31  3:36  Factory Tech Lab  
  31  3:43  Missile Turret  
  31  3:50  SCV  
  31  3:52  Marine  
  31  3:54  Marine  
  34  3:57  Marine  
  35  4:07  Orbital Command  
  35  4:08  SCV  
  36  4:14  Siege Tank  
  39  4:20  Stimpack  
  39  4:21  Marine  
  40  4:24  SCV  
  41  4:33  Supply Depot  
  41  4:36  SCV  
  42  4:38  SCV  
  42  4:42  Marine x2  
  42  4:43  Marine  
  46  4:53  Starport  
  46  4:55  SCV  
  47  5:00  Supply Depot  
  47  5:02  Marine x2  
  47  5:03  Marine  
  47  5:05  Siege Tank  
  53  5:11  SCV  
  54  5:18  SCV  
  54  5:20  Marine  
  56  5:22  Marine x2  
  58  5:29  Supply Depot  
  58  5:30  Missile Turret  
  58  5:31  Starport Reactor  
  58  5:33  Terran Infantry Weapons Level 1  
  58  5:40  Refinery x2  
  58  5:42  SCV  
  59  5:44  SCV  
  59  5:49  Siege Tank  
  63  6:02  SCV x2  
  65  6:07  Marine x2  
  65  6:08  Marine  
  68  6:20  Barracks x2, SCV x2  
  70  6:26  Marine x2  
  70  6:27  Marine  
  73  6:33  Armory  
  73  6:41  Medivac x2  
  77  6:55  Supply Depot  
  77  6:57  Siege Tank  
  75  7:11  Medivac  
  77  7:16  SCV  
  77  7:17  SCV, Medivac  
  77  7:19  Supply Depot  
  77  7:22  Supply Depot  
  81  7:24  Engineering Bay  
  81  7:27  Marine  
  81  7:28  Marine, Barracks Reactor  
  81  7:29  Barracks Reactor  
  83  7:33  Marine  
  83  7:35  Combat Shields  
  84  7:37  Terran Infantry Weapons Level 2  
  84  7:39  Terran Vehicle Weapons Level 1  
  84  7:48  Marine  
  84  7:49  Marine  
  83  7:59  Supply Depot  
  83  8:05  Terran Infantry Armor Level 1  
  83  8:07  Liberator x2  
  83  8:14  SCV x2  
  83  8:17  Marine x5  
  83  8:18  Marine  
  83  8:19  Marine  
  98  8:53  Marine x3  
  98  8:54  Marine x4  
  105  8:56  Siege Tank  
  105  8:59  Supply Depot  
  108  9:08  SCV x2  
  110  9:29  Marine x3  
  110  9:30  Marine x3  
  116  9:34  Command Center  
  116  9:37  Terran Vehicle Weapons Level 2  
  116  9:44  Liberator  
  114  9:54  Liberator  
  114  10:04  Marine  
  118  10:08  Supply Depot  
  118  10:10  Supply Depot  
  118  10:11  Marine x5  
  126  10:27  Marine x2  
  128  10:29  Marine x2  
  130  10:39  Supply Depot  
  130  10:41  Supply Depot  
  130  10:42  Siege Tank  
  133  10:48  Starport  
  133  11:01  Medivac  
  133  11:02  Medivac  
  112  11:34  Marine x3  
  112  11:35  Marine x4  
  103  11:52  Marine  
  103  11:53  Marine x4  
  103  11:54  Marine  
Tags
 
Composition
MMM Bio
League
GoldGold
Matchup
PvT
Add a new tag
Caveats
  • Supply blocks, unpowered buildings, or Contaminate may cause inaccurate times.
  • Supply counts are checked every 10 seconds.